 Dungeon Sprint DCSS version 0.18-a0-1542-g9c1a92e (webtiles) character file.

2419 Kidiri the Fighter (level 9, -9/90 HPs)
             Began as a Minotaur Fighter on Mar 10, 2016.
             Was a High Priest of Okawaru.
             Mangled by a vampire knight
             ... wielding a +0 great sword
              (11 damage)
             ... while paralysed by something
             ... in the Dungeon (Sprint VII: "The Pits").
             The game lasted 00:05:31 (1373 turns).

Kidiri the Fighter (Minotaur Fighter)               Turns: 1373, Time: 00:05:32

Health: -9/90      AC: 22    Str: 26    XL:     9   Next: 24%
Magic:  7/12       EV:  2    Int:  5    God:    Okawaru [*****.]
Gold:   0          SH:  0    Dex: 11    Spells: 0 memorised, 8 levels left

rFire  . . .     SeeInvis .     w - +1 broad axe (chop)
rCold  . . .     Gourm    .     s - +3 plate armour
rNeg   . . .     Faith    .     c - +0 shield
rPois  .         Spirit   .     (helmet restricted)
rElec  .         Dismiss  .     (no cloak)
rCorr  .         Reflect  .     r - +0 pair of gloves
SustAt .         Harm     .     (no boots)
MR     .....     NoTele   +     (no amulet)
Stlth  ..........               t - +3 ring of evasion
                                b - +3 ring of strength

@: paralysed, heroism, finesse, not resistant to hostile enchantments, extremely
unstealthy
A: retaliatory headbutt, horns 2
a: Heroism, Finesse, Renounce Religion


You were in the Dungeon.
You worshipped Okawaru.
Okawaru was extremely pleased with you.
You were not hungry.

You visited 1 branch

Inventory:

Hand Weapons
 w - a +1 broad axe of chopping (weapon)
Armour
 c - a +0 shield (worn)
 r - a +0 pair of gloves (worn)
 s - a +3 plate armour (worn)
Jewellery
 b - a +3 ring of strength (left hand)
 t - a +3 ring of evasion (right hand)
Scrolls
 k - a scroll of blinking
 o - 3 scrolls of remove curse
 p - 5 scrolls of amnesia
 q - a scroll of summoning
Potions
 d - 2 potions of might
 e - 8 potions of curing
 g - 5 potions of heal wounds
 h - a potion of haste
 i - 4 potions of magic
 j - 5 potions of berserk rage
 n - 2 potions of invisibility
 u - a potion of cure mutation
 v - a potion of resistance
Comestibles
 a - 7 chunks of flesh
 f - 8 bread rations
 l - 40 fruits
 m - 7 meat rations


   Skills:
 * Level 11.9(16.9) Fighting
 * Level 11.4(16.4) Axes
 * Level 11.7(16.7) Armour
 + Level 7.3(12.3) Dodging
 * Level 11.9(16.9) Shields
 + Level 6.5 Invocations


You had 8 spell levels left.
You didn't know any spells.

Dungeon Overview and Level Annotations

Branches:
Dungeon (1/1)

Altars:
Ashenzari
Cheibriados
Dithmenos
Elyvilon
Fedhas
Gozag
Kikubaaqudgha
Makhleb
Nemelex Xobeh
Okawaru
Pakellas
Qazlal
Ru
Sif Muna
Trog
Vehumet
Xom
Yredelemnul
Zin
The Shining One
Beogh
Jiyva
Lugonu


Innate Abilities, Weirdness & Mutations

You reflexively headbutt those who attack you in melee.
You have a pair of horns on your head.


Message History

The wolf barely misses you.
Unknown command.
You closely miss something. You headbutt something.
You hit the wolf but do no damage. You block the wolf's attack.
You block something's attack. x2
You hit something but do no damage. You headbutt something. You miss the wolf.
Your plate armour prevents you from hitting something.
You barely miss the wolf. The wolf barely misses you.
You slash something! You closely miss the wolf. The wolf closely misses you.
You furiously retaliate!
You headbutt the wolf! You slash something! You hit the wolf.
The wolf is severely wounded.
You hear some strange, mumbled words.
You suddenly lose the ability to move!
The wolf completely misses you. The wolf bites you but does no damage.
Something hits you!!
* * * LOW HITPOINT WARNING * * *
Something bites you but does no damage.
The wolf bites you but does no damage. x2; Something hits you!
You die...

)#####+#####''######
)##.......##''#
)##.......##..#
.##.......##..#
###...<...##..####
.##.......##..#..###
.##.......##..#....##
###.......##..+..h..#...
.###########..+.@{YD'...
############..+).†..#...
#....#...[##..#....##
#....#..[[##..#..###
+....+..))##..####
#)...#..))##..#
#....#..))##..#
###############


You could see a five-headed hydra, a wolf and a sheep.

Vanquished Creatures
  A hill giant (D)
  A deep elf mage (D)
  2 kobold demonologists (D)
  A flying skull (D)
  2 wolves (D)
  Edmund (D)
  A necrophage (D)
  An ogre (D)
  A scorpion (D)
  A gnoll shaman (D)
  An orc wizard (D)
  A worker ant (D)
  9 sheep (D)
  4 gnolls (D)
  An adder (D)
  A giant eyeball (D)
  A worm (D)
  A giant gecko (D)
  2 orcs (D)
  A giant cockroach (D)
  A goblin (D)
  2 hobgoblins (D)
  A bat (D)
  A giant cockroach zombie (D)
  2 kobolds (D)
41 creatures vanquished.

Notes
Turn   | Place    | Note
--------------------------------------------------------------
     0 | D        | Kidiri the Minotaur Fighter began the quest for the Orb.
     0 | D        | Reached XP level 1. HP: 19/19 MP: 0/0
    20 | D        | Reached XP level 2. HP: 19/28 MP: 1/1
    49 | D        | Found a sacrificial altar of Ru.
    49 | D        | Found a basalt altar of Yredelemnul.
    49 | D        | Found a shadowy altar of Dithmenos.
    49 | D        | Found a deep blue altar of Sif Muna.
    49 | D        | Found a burning altar of Makhleb.
    49 | D        | Found a shimmering altar of Xom.
    49 | D        | Found an ancient bone altar of Kikubaaqudgha.
    49 | D        | Found a sparkling altar of Nemelex Xobeh.
    50 | D        | Found a glowing golden altar of the Shining One.
    50 | D        | Found a bloodstained altar of Trog.
    50 | D        | Found a shattered altar of Ashenzari.
    50 | D        | Found a white marble altar of Elyvilon.
    50 | D        | Found a snail-covered altar of Cheibriados.
    50 | D        | Found a blossoming altar of Fedhas.
    50 | D        | Found a radiant altar of Vehumet.
    50 | D        | Found a glowing silver altar of Zin.
    50 | D        | Found a corrupted altar of Lugonu.
    50 | D        | Found a viscous altar of Jiyva.
    50 | D        | Found a roughly hewn altar of Beogh.
    50 | D        | Found an iron altar of Okawaru.
    51 | D        | Found an oddly glowing altar of Pakellas.
    56 | D        | Found a stormy altar of Qazlal.
    56 | D        | Found an opulent altar of Gozag.
    59 | D        | Became a worshipper of Warmaster Okawaru
   132 | D        | Reached skill level 5 in Fighting
   132 | D        | Reached skill level 5 in Armour
   132 | D        | Reached skill level 1 in Dodging
   132 | D        | Reached skill level 5 in Shields
   132 | D        | Reached skill level 1 in Invocations
   132 | D        | Reached XP level 3. HP: 19/36 MP: 2/2
   618 | D        | Noticed a deep elf mage
   619 | D        | Noticed a scorpion
   619 | D        | Noticed Edmund
   622 | D        | Noticed an ogre
   631 | D        | Killed a deep elf mage
   631 | D        | Reached * piety under Okawaru
   631 | D        | Reached ** piety under Okawaru
   631 | D        | Reached XP level 4. HP: 27/49 MP: 2/6
   631 | D        | Reached XP level 5. HP: 30/56 MP: 2/7
   631 | D        | Reached XP level 6. HP: 33/62 MP: 2/8
   636 | D        | Killed Edmund
   636 | D        | Reached skill level 5 in Dodging
   636 | D        | Reached XP level 7. HP: 32/70 MP: 2/9
   641 | D        | Reached *** piety under Okawaru
   670 | D        | Paralysed by a giant eyeball for 4 turns
   914 | D        | Noticed a kobold demonologist
   922 | D        | Killed a kobold demonologist
   922 | D        | Reached skill level 10 in Fighting
   922 | D        | Reached skill level 10 in Shields
   922 | D        | Reached skill level 5 in Invocations
   934 | D        | Reached skill level 10 in Armour
  1053 | D        | Noticed a hill giant
  1063 | D        | Killed a hill giant
  1063 | D        | Reached **** piety under Okawaru
  1063 | D        | Reached skill level 10 in Axes
  1063 | D        | Reached XP level 8. HP: 69/81 MP: 7/11
  1257 | D        | Noticed a flying skull
  1257 | D        | Noticed a kobold demonologist
  1258 | D        | Noticed a sixfirhy
  1267 | D        | Killed a flying skull
  1270 | D        | Killed a kobold demonologist
  1270 | D        | Reached ***** piety under Okawaru
  1270 | D        | Reached XP level 9. HP: 67/89 MP: 10/12
  1337 | D        | Noticed a vampire knight
  1342 | D        | Paralysed by a vampire knight for 3 turns
  1358 | D        | HP: 3/90 [something/vampiric draining (28)]
  1366 | D        | Noticed a five-headed hydra
  1371 | D        | Paralysed by something for 3 turns
  1372 | D        | HP: 2/90 [something (21)]
  1373 | D        | Mangled by a vampire knight

Vault maps used:
D:        pitsprint

Skill      XL: |  1  2  3  4  5  6  7  8 |
---------------+-------------------------+-----
Fighting       | 4 5 8 9 10 11 | 11.9
Axes           | 3 4 8 10 11 | 11.4
Armour         | 4 5 8 10 11 | 11.7
Shields        | 4 5 8 9 10 11 | 11.9
Dodging        | 1 4 5 6 7 |  7.3
Invocations    | 1 4 5 6 |  6.5

Action                   |  1- 3 |  4- 6 |  7- 9 || total
-------------------------+-------+-------+-------++-------
Melee: War axe           |     3 |       |       ||     3
       Hand axe          |    34 |     5 |    48 ||    87
       Broad axe         |       |       |    36 ||    36
Invok: Heroism           |       |       |     4 ||     4
       Finesse           |       |       |     1 ||     1
  Use: Potion            |       |       |     5 ||     5
  Eat: Chunk             |       |       |     2 ||     2
